 Dungeon Crawl Stone Soup version 0.29-a0-275-g389c0b56f3 (webtiles) character file.

Game seed: 7477093031502877165

56 jimonade the Shield-Bearer (level 3, -6/24 HPs)
             Began as a Gargoyle Fighter on Mar 11, 2022.
             Mangled by an iguana (10 damage)
             ... on level 2 of the Dungeon.
             The game lasted 00:06:00 (2138 turns).

jimonade the Shield-Bearer (Gargoyle Fighter)       Turns: 2138, Time: 00:06:00

Health: -6/24      AC: 10    Str: 21    XL:     3   Next: 97%
Magic:  3/3        EV:  9    Int:  8    God:
Gold:   22         SH:  4    Dex:  9    Spells: 2/2 levels left

rFire   . . .      SeeInvis .   f - +1 short sword (vamp)
rCold   . . .      Faith    .   c - +0 buckler
rNeg    + . .      Spirit   .   b - +0 scale mail
rPois   ∞          Reflect  .   (no helmet)
rElec   +          Harm     .   (no cloak)
rCorr   .          Rampage  .   (no gloves)
Will    .....                   (no boots)
Stlth   ..........              (no amulet)
HPRegen 0.08/turn               (no ring)
MPRegen 0.08/turn               (no ring)

@: no status effects
A: sickness immunity, AC +3, negative energy resistance 1, electricity
resistance, torment resistance 1, petrification resistance
a: no special abilities


You were on level 2 of the Dungeon.
You visited 1 branch of the dungeon, and saw 2 of its levels.

You collected 22 gold pieces.

Inventory:

Hand Weapons
 a - a +0 flail
 f - a +1 vampiric short sword (weapon)
Missiles
 g - 8 stones (quivered)
 n - 5 poisoned darts
 p - 6 datura-tipped darts
Armour
 b - a +0 scale mail (worn)
 c - a +0 buckler (worn)
 m - a +0 ring mail
 r - a +0 chain mail
Scrolls
 h - 2 scrolls of teleportation {unknown}
 i - a scroll of summoning {unknown}
 k - a scroll of identify {unknown}
 l - a scroll of enchant weapon {unknown}
 q - a scroll of magic mapping {unknown}
Potions
 d - 3 potions of might
 e - a potion of cancellation {unknown}
 j - a potion of heal wounds {unknown}
 o - a potion of curing {unknown}


   Skills:
 * Level 3.7 Fighting
 * Level 1.4 Short Blades
 + Level 2.2 Maces & Flails
 * Level 3.7 Armour
 * Level 3.8 Shields


You had 2 spell levels left.
You didn't know any spells.
Your spell library contained the following spells:

 Spells                   Type           Power      Damage    Failure   Level
 Foxfire                  Conj/Fire      0%         2x1d4     83%         1
 Conjure Flame            Conj/Fire      0%         6-21      99%         3
 Inner Flame              Hex/Fire       0%         N/A       99%         3
 Cause Fear               Hex            0%         N/A       100%        4
 Flame Wave               Conj/Fire      0%         2d4       100%        4
 Discord                  Hex            0%         N/A       100%        8


Dungeon Overview and Level Annotations

Branches:
Dungeon (2/15)

Altars:


Innate Abilities, Weirdness & Mutations

You are immune to sickness and miasma.
Your stone body is resilient. (AC +3)
You are immune to poison.
You resist negative energy. (rN+)
You are resistant to electric shocks. (rElec)
You are resistant to unholy torment.
You are immune to petrification.


Message History

You hit the bat.
You kill the bat!
Press: ? - help, v - describe, . - travel
Here: an iguana The floor.
You closely miss the iguana. The iguana closely misses you.
You hit the iguana but do no damage. The iguana bites you!
You closely miss the iguana. The iguana barely misses you.
You hit the iguana.
You feel better.
The iguana is lightly wounded.
The iguana bites you but does no damage.
You closely miss the iguana.
The iguana is lightly wounded.
The iguana hisses menacingly.
The iguana bites you!
You hit the iguana.
You feel better.
The iguana is moderately wounded.
You block the iguana's attack. The iguana barely misses you.
You barely miss the iguana.
The iguana is moderately wounded.
The iguana bites you.
* * * LOW HITPOINT WARNING * * *
You completely miss the iguana.
The iguana is moderately wounded.
The iguana bites you but does no damage.
You hit the iguana but do no damage.
The iguana is moderately wounded.
The iguana closely misses you. The iguana closely misses you.
The iguana attacks as you move away!
The iguana bites you but does no damage.
There is an open door here.
You see here a bat corpse.
You closely miss the iguana.
The iguana is moderately wounded.
The iguana bites you.
* * * LOW HITPOINT WARNING * * *
The iguana attacks as you move away! The iguana barely misses you.
The iguana attacks as you move away! The iguana bites you!
You die...

#.#.......#.#
#.#.#####.#.#
#.#....##.#.#
########.#<...'....#
..
..............##.###
.#######..
.............†##.#
.........#
......)..........#
#.......#
########'######..###
#.......#
#........@l.#
#.......#
########..#.#
#.......#
####.#####.......#
#...†.'.....).#
#######.......#
#.......# #.......#
#########


You could see an iguana.

Vanquished Creatures
  An adder (D:2)
  A dart slug (D:2)
  7 ball pythons
  5 bats
  5 endoplasms
  2 giant cockroaches (D:1)
  4 hobgoblins (D:1)
  5 kobolds
  A quokka (D:2)
  A frilled lizard (D:1)
  5 goblins (D:1)
37 creatures vanquished.

Vanquished Creatures (others)
  3 plants (D:1)
3 creatures vanquished.

Grand Total: 40 creatures vanquished

Notes
Turn   | Place    | Note
-------+----------+-------------------------------------------
     0 | D:1      | jimonade the Gargoyle Fighter began the quest for the Orb.
     0 | D:1      | Reached XP level 1. HP: 14/14 MP: 1/1
   218 | D:1      | Reached XP level 2. HP: 19/19 MP: 2/2
   610 | D:1      | Reached XP level 3. HP: 9/23 MP: 3/3
   988 | D:1      | Found a faded altar of an unknown god.
  1809 | D:2      | Reached skill level 1 in Short Blades
  2138 | D:2      | Mangled by an iguana

Illustrated notes

Levels and vault maps discovered:
D:1:      scummos_arrival_gate, layout_basic, chequers_ecumenical_altar_island,
          serial_forest, infiniplex_forest_corner_1, infiniplex_forest_zigzag_1,
          infiniplex_forest_lined_room_2, infiniplex_forest_corner_1,
          infiniplex_forest_lined_room_2, infiniplex_forest_end_1,
          infiniplex_forest_clump_diagonal
D:2:      layout_basic, uniq_sigmund

Skill      XL: |  1  2  3 |
---------------+----------+-----
Short Blades   | 1 |  1.4
Fighting       | |  3.7
Maces & Flails | |  2.2
Armour         | |  3.7
Shields        | |  3.8

Action                   || total
-------------------------++-------
Melee: Short sword       ||   180
       Flail             ||     7
Armor: Scale mail        ||    82
Dodge: Dodged            ||    71
Block: Buckler           ||    36

Table legend: (Time is in decaauts)
 A = Elapsed time spent in this place.
 B = Non-inter-level travel time spent in this place.
 C = Inter-level travel time spent in this place.
 D = Time resting spent in this place.
 E = Time spent auto-exploring this place.
 F = Levels seen in this place.
 G = Mean time per level.
                   A        B        C        D        E       F      G
               +--------+--------+--------+--------+--------+-----+--------+
         Total |   2160 |   2135 |     25 |    473 |   1119 |   2 | 1080.0 |
       Dungeon |   2160 |   2135 |     25 |    473 |   1119 |   2 | 1080.0 |
               +--------+--------+--------+--------+--------+-----+--------+

Top non-repeatable levels by time:
     D:1: 1695 daAuts
     D:2: 464 daAuts
